[Event "Titled Tuesday Blitz September 28 2021"]
[White "Kaufman, Raymond"]
[Black "Kislov, Oleg"]
[WhiteFideId "2015056"]
[BlackFideId "13503774"]
[WhiteElo "2321"]
[BlackElo "2252"]
[Result "0-1"]
[Round "09"]
[TimeControl "180+1"]
[Date "2021.09.28"]
[WhiteClock "0:00:01"]
[BlackClock "0:00:24"]

1. e4 e6 2. d4 d5 3. e5 c5 4. c3 Qb6 5. Nf3 Nc6 6. Bd3 cxd4 7. O-O Bd7 8. Re1 Nge7 9. Nbd2 dxc3 10. bxc3 Ng6 11. c4 Bc5 12. cxd5 exd5 13. Rb1 Qc7 14. Nb3 Bb6 15. Ba3 Nge7 16. Bd6 Qd8 17. Ng5 h6 18. Nxf7 Kxf7 19. Qf3+ Kg8 20. e6 Be8 21. Qg3 Rc8 22. Nc5 Bxc5 23. Bxc5 b6 24. Ba3 Nd4 25. Bb2 Ndf5 26. Qe5 Bg6 27. Bxf5 Nxf5 28. e7 Qd6 29. Qxd6 Nxd6 30. Rbd1 Bf7 31. Ba3 Nc4 32. Rxd5 Kh7 33. Rf5 Kg6 34. Rf3 Nxa3 35. Rxa3 Rc7 36. Rg3+ Kh7 37. Rf3 Bh5 38. Rf8 Rc8 39. Rxc8 Rxc8 40. g4 Bf7 41. f4 Kg8 42. f5 Re8 43. h4 Bxa2 44. g5 hxg5 45. hxg5 Kf7 46. Ra1 Bc4 47. Rxa7 Rxe7 48. Rxe7+ Kxe7 49. Kf2 Kd6 0-1


[Site "https://www.chess.com"]

[Event "Titled Tuesday Blitz September 28 2021"]
[White "Kollars, Dmitrij"]
[Black "Yeletsky, Ivan"]
[WhiteFideId "12909572"]
[BlackFideId "24180327"]
[WhiteElo "2913"]
[BlackElo "2799"]
[Result "1-0"]
[Round "09"]
[TimeControl "180+1"]
[Date "2021.09.28"]
[WhiteClock "0:00:08"]
[BlackClock "0:00:04"]

1. e4 c5 2. Nf3 d6 3. Bb5+ Nd7 4. d4 cxd4 5. Nxd4 a6 6. Ba4 Nf6 7. O-O e6 8. c4 Be7 9. Nc3 Qc7 10. Qe2 O-O 11. Kh1 Nb6 12. Bb3 Bd7 13. Nc2 Rac8 14. Ne3 Bc6 15. f3 Rfe8 16. Bd2 Qb8 17. Qf2 Nbd7 18. Rad1 b5 19. Bc1 Ne5 20. cxb5 axb5 21. Ne2 b4 22. Nd4 Bb7 23. Nxe6 fxe6 24. Bxe6+ Kh8 25. Bxc8 Rxc8 26. Nf5 Bf8 27. Bg5 Nfd7 28. Qg3 Ba6 29. Be7 Rc2 30. Rfe1 g6 31. Bxd6 Bxd6 32. Nxd6 Qf8 33. f4 Nc6 34. Qb3 Rf2 35. Nf7+ Kg7 36. Rxd7 Rxf4 37. Ng5+ Kh6 38. Rxh7+ Kxg5 39. Qg3+ Rg4 40. h4+ Kf6 41. Qxg4 1-0


[Site "https://www.chess.com"]

[Event "Titled Tuesday Blitz September 28 2021"]
[White "Kovalev, Vladislav"]
[Black "Ibrahimli, Murad"]
[WhiteFideId "13504398"]
[BlackFideId "13410229"]
[WhiteElo "2818"]
[BlackElo "2927"]
[Result "0-1"]
[Round "09"]
[TimeControl "180+1"]
[Date "2021.09.28"]
[WhiteClock "0:00:09"]
[BlackClock "0:01:10"]

1. e4 c5 2. Be2 Nc6 3. d3 d5 4. f4 dxe4 5. dxe4 Qxd1+ 6. Bxd1 g6 7. c3 Bg7 8. Be3 b6 9. Nd2 Nf6 10. Ngf3 O-O 11. Bc2 e5 12. f5 Ba6 13. h3 Nh5 14. Kf2 Nf4 15. Rhd1 Nd3+ 16. Bxd3 Bxd3 17. Ne1 Ba6 18. Nc2 Rad8 19. Na3 Rd7 20. Ndc4 Rfd8 21. Rxd7 Rxd7 22. g4 f6 23. Kf3 g5 24. Bf2 Rd3+ 25. Be3 b5 26. Nd2 b4 0-1


[Site "https://www.chess.com"]

[Event "Titled Tuesday Blitz September 28 2021"]
[White "Kovanova, Baira"]
[Black "Bonte, Andrei-Mihai"]
[WhiteFideId "4164083"]
[BlackFideId "1210297"]
[WhiteElo "2187"]
[BlackElo "2171"]
[Result "1-0"]
[Round "09"]
[TimeControl "180+1"]
[Date "2021.09.28"]
[WhiteClock "0:00:59"]
[BlackClock "0:00:19"]

1. e4 e6 2. d4 d5 3. e5 c5 4. c3 Bd7 5. Nf3 Qb6 6. Be2 a6 7. O-O Bb5 8. Re1 Bxe2 9. Qxe2 Nc6 10. dxc5 Bxc5 11. b4 Bf8 12. Be3 Qc7 13. Nbd2 Nxe5 14. Bf4 Nxf3+ 15. Qxf3 Bd6 16. Bxd6 Qxd6 17. Qg4 Ne7 18. Qxg7 Rg8 19. Qxh7 Qf4 20. Qd3 O-O-O 21. b5 a5 22. Nf1 Qc4 23. Qxc4+ dxc4 24. Ne3 Nd5 25. Nxc4 Nxc3 26. Rac1 Nxb5 27. Nd6+ 1-0


[Site "https://www.chess.com"]

[Event "Titled Tuesday Blitz September 28 2021"]
[White "Krysa, Leandro"]
[Black "Vusatiuk, Vladimir"]
[WhiteFideId "116807"]
[BlackFideId "14118610"]
[WhiteElo "2490"]
[BlackElo "2167"]
[Result "1-0"]
[Round "09"]
[TimeControl "180+1"]
[Date "2021.09.28"]
[WhiteClock "0:00:53"]
[BlackClock "0:00:18"]

1. e4 c5 2. Nf3 d6 3. d4 cxd4 4. Nxd4 Nf6 5. Nc3 Nc6 6. Be2 e6 7. O-O a6 8. Be3 Be7 9. f4 Qc7 10. Qe1 b5 11. Nxc6 Qxc6 12. e5 dxe5 13. fxe5 Nd5 14. Nxd5 exd5 15. Bd3 Be6 16. Qg3 g6 17. Kh1 h5 18. Bd4 h4 19. Qe3 h3 20. g3 Rc8 21. c3 Rh5 22. Rae1 Bg5 23. Qf3 Rh8 24. b4 Qd7 25. Qf2 Qb7 26. Qc2 Rh6 27. a4 bxa4 28. Qxa4+ Kf8 29. Qxa6 Qd7 30. Bb5 Qd8 31. Qxe6 1-0


[Site "https://www.chess.com"]

[Event "Titled Tuesday Blitz September 28 2021"]
[White "Krzywda, Andrzej"]
[Black "Weetik, Vjacheslav"]
[WhiteFideId "1114565"]
[BlackFideId "4153472"]
[WhiteElo "2139"]
[BlackElo "2469"]
[Result "0-1"]
[Round "09"]
[TimeControl "180+1"]
[Date "2021.09.28"]
[WhiteClock "0:00:02"]
[BlackClock "0:00:18"]

1. e4 c6 2. d4 d5 3. exd5 cxd5 4. Bd3 Nc6 5. c3 g6 6. Nf3 Bf5 7. Bxf5 gxf5 8. O-O e6 9. Bf4 Bd6 10. Bxd6 Qxd6 11. Ne1 Nge7 12. Nd3 O-O-O 13. Na3 Ng6 14. Nb5 Qe7 15. Qe2 Rhg8 16. Kh1 Qh4 17. g3 Qh3 18. Ne5 Ncxe5 19. dxe5 Kb8 20. Qe3 d4 21. cxd4 f4 22. Qa3 a6 23. Nd6 Nh4 24. Rg1 f3 25. Qb3 Rd7 26. d5 Rg5 27. dxe6 fxe6 28. Rac1 Rxd6 29. exd6 Rh5 30. Rc8+ Kxc8 31. Qc4+ Kb8 32. Qc7+ Ka8 33. d7 Qxh2+ 34. Kxh2 Nf5# 0-1


[Site "https://www.chess.com"]

[Event "Titled Tuesday Blitz September 28 2021"]
[White "Kucuksari, Kaan"]
[Black "Tristan, Leonardo"]
[WhiteFideId "6380166"]
[BlackFideId "113816"]
[WhiteElo "2301"]
[BlackElo "2404"]
[Result "0-1"]
[Round "09"]
[TimeControl "180+1"]
[Date "2021.09.28"]
[WhiteClock "0:00:03"]
[BlackClock "0:00:08"]

1. d4 d5 2. c4 e6 3. Nf3 Nf6 4. g3 Be7 5. Bg2 O-O 6. O-O dxc4 7. Qc2 a6 8. Qxc4 b5 9. Qc2 Bb7 10. Bd2 Be4 11. Qc1 c6 12. Rd1 Nbd7 13. Nc3 Bg6 14. a3 Rc8 15. b4 Nd5 16. Nh4 Bxh4 17. gxh4 Qxh4 18. Bg5 Qg4 19. Ne4 Bxe4 20. f3 Bxf3 21. exf3 Qf5 22. Ra2 e5 23. Rf2 exd4 24. Rxd4 c5 25. bxc5 Nxc5 26. Rg4 Nd3 27. Qa1 f6 28. Bh6 Nxf2 29. Rxg7+ Kh8 30. Kxf2 Rc2+ 31. Kg1 Nf4 32. Bf1 Rg8 33. Rxg8+ Kxg8 34. Qd4 Qg6+ 35. Kh1 Qxh6 36. Qd8+ Kg7 37. Qe7+ Kg8 38. Qe8+ Qf8 39. Qe4 Rc1 40. Qxf4 Rxf1+ 41. Kg2 Ra1 42. Qd4 Rxa3 43. Qd5+ Kh8 44. Qf5 Rc3 45. Qe6 Rc2+ 46. Kh1 Rc5 47. Qe4 Re5 48. Qd3 Re7 49. Qd4 Re8 0-1


[Site "https://www.chess.com"]

[Event "Titled Tuesday Blitz September 28 2021"]
[White "LEGENYA1998"]
[Black "Rosen, Eric"]
[BlackFideId "2032562"]
[WhiteElo "2421"]
[BlackElo "2362"]
[Result "0-1"]
[Round "09"]
[TimeControl "180+1"]
[Date "2021.09.28"]
[WhiteClock "0:00:42"]
[BlackClock "0:00:07"]

1. Nc3 c5 2. Nf3 Nc6 3. d4 cxd4 4. Nxd4 g6 5. g3 Bg7 6. Be3 Nf6 7. h3 O-O 8. Bg2 d6 9. Nxc6 bxc6 10. Bxc6 Rb8 11. Rb1 Qa5 12. Bd4 e5 13. Be3 Rxb2 14. Bd2 Rxb1 15. Qxb1 Qc5 16. Bg2 Ba6 17. O-O d5 18. Qb2 Rc8 19. Rc1 Bc4 20. e4 Nh5 21. exd5 Nxg3 22. Be3 Qa5 23. fxg3 e4 24. Qb7 Ba6 25. Qxa7 Qxc3 26. Qxa6 Qxe3+ 27. Kh2 Rf8 28. Rd1 Be5 29. d6 Qxg3+ 30. Kg1 e3 31. d7 Qf2+ 32. Kh1 e2 33. Qxe2 Qxe2 34. d8=Q Rxd8 35. Rxd8+ Kg7 0-1


[Site "https://www.chess.com"]

[Event "Titled Tuesday Blitz September 28 2021"]
[White "Langrock, Hannes"]
[Black "Moskvin, Anatoly"]
[WhiteFideId "4655290"]
[BlackFideId "24199990"]
[WhiteElo "2325"]
[BlackElo "2098"]
[Result "1-0"]
[Round "09"]
[TimeControl "180+1"]
[Date "2021.09.28"]
[WhiteClock "0:00:34"]
[BlackClock "0:00:04"]

1. d4 Nf6 2. c4 c5 3. d5 b5 4. Qc2 g6 5. e4 d6 6. cxb5 a6 7. a4 Bg7 8. Nf3 O-O 9. Nc3 Nbd7 10. h3 Ne8 11. bxa6 Nc7 12. Bf4 Nxa6 13. Bb5 Nb4 14. Qd2 Ba6 15. O-O Nb6 16. b3 Bxb5 17. axb5 Qd7 18. Bh6 Rxa1 19. Rxa1 e6 20. Bxg7 Kxg7 21. dxe6 fxe6 22. Rd1 d5 23. exd5 exd5 24. Ne4 Qc8 25. Qc3+ d4 26. Qxc5 Qxc5 27. Nxc5 Rc8 28. Nxd4 Kf6 29. Nc6 N4d5 30. Nd7+ Nxd7 31. Rxd5 Nb6 32. Rd6+ Kg7 33. Nd4 Rc1+ 34. Kh2 Rf1 35. Rxb6 1-0


[Site "https://www.chess.com"]

[Event "Titled Tuesday Blitz September 28 2021"]
[White "Le, Tuan Minh"]
[Black "Lazavik, Denis"]
[WhiteFideId "12401153"]
[BlackFideId "13515110"]
[WhiteElo "2914"]
[BlackElo "2809"]
[Result "1/2-1/2"]
[Round "09"]
[TimeControl "180+1"]
[Date "2021.09.28"]
[WhiteClock "0:00:14"]
[BlackClock "0:00:07"]

1. d4 d5 2. Nf3 Nf6 3. Bf4 e6 4. e3 Bd6 5. Bg3 O-O 6. c4 b6 7. Nc3 Bb7 8. Rc1 a6 9. cxd5 exd5 10. Bd3 Re8 11. Ne5 c5 12. O-O Nc6 13. f4 cxd4 14. Nxd5 Bxe5 15. fxe5 Qxd5 16. exf6 g6 17. e4 Qg5 18. Bf4 Qxf6 19. Qd2 Ne5 20. Rc7 Nxd3 21. Rxb7 Nc5 22. Rc7 Nxe4 23. Qb4 Rac8 24. Qc4 Rxc7 25. Qxc7 d3 26. Be3 Qe6 27. Rd1 d2 28. Qxb6 Qc4 29. Qb3 Qe2 30. h3 Rc8 31. Kh2 h5 32. Bd4 Rd8 33. Qf3 Qxf3 34. gxf3 Rxd4 35. fxe4 Rxe4 36. Rxd2 a5 37. Kg3 h4+ 38. Kf3 Rb4 39. b3 a4 40. Rd3 axb3 41. Rxb3 Ra4 42. a3 Kg7 43. Kg2 g5 44. Kf3 Kg6 45. Kg2 f6 46. Kf3 Ra5 47. Kg2 Kf5 48. Kf3 Ra6 49. Rb5+ Kg6 50. Rb3 f5 51. Rc3 Kh5 52. Kg2 Ra4 53. Rc5 Kg6 54. Rc6+ Kh5 55. Rc5 f4 56. Rc3 Ra5 57. Kf3 Kg6 58. Rb3 Kf5 59. Rc3 Ra6 60. Rb3 Kg6 61. Rc3 Kh5 62. Rb3 Re6 63. a4 Ra6 64. Ra3 Ra5 65. Ra1 Kg6 66. Ra2 Kf5 67. Ra1 Re5 68. a5 Re3+ 69. Kg2 g4 70. hxg4+ Kxg4 71. a6 h3+ 72. Kf2 Re8 73. a7 Ra8 74. Ra3 h2 75. Kg2 f3+ 76. Kxh2 Kf4 77. Kg1 Ke4 78. Kf2 Kd5 79. Kxf3 Kc6 80. Ke4 Kb7 81. Kd5 Rxa7 82. Rh3 Ra5+ 83. Kd6 Ra6+ 84. Kd7 Rb6 1/2-1/2


[Site "https://www.chess.com"]

[Event "Titled Tuesday Blitz September 28 2021"]
[White "Levitskiy, Andrey"]
[Black "Romanchuk, Viktor"]
[WhiteFideId "14132885"]
[BlackFideId "14109271"]
[WhiteElo "2340"]
[BlackElo "2242"]
[Result "0-1"]
[Round "09"]
[TimeControl "180+1"]
[Date "2021.09.28"]
[WhiteClock "0:00:03"]
[BlackClock "0:00:12"]

1. e4 e6 2. d4 d5 3. Bd3 c5 4. exd5 exd5 5. Nf3 c4 6. Be2 Bd6 7. O-O Nf6 8. b3 cxb3 9. axb3 h6 10. c4 O-O 11. Nc3 Nc6 12. c5 Bb8 13. Re1 Bf5 14. Bd3 Qd7 15. Ne5 Qc8 16. Nxc6 bxc6 17. g3 Bxd3 18. Qxd3 Qh3 19. Qf1 Qg4 20. Be3 a5 21. b4 axb4 22. Rxa8 bxc3 23. Rc1 Kh7 24. f3 Qg6 25. Qg2 Bf4 26. Rxf8 Bxe3+ 27. Kf1 Bxc1 28. Rb8 Bd2 29. Qe2 Qc2 30. Kg2 h5 31. h4 Qf5 32. Rb3 Qc2 33. Rb7 Kg6 34. Rc7 Kh7 35. Rxc6 Qa4 36. Rc7 Qxd4 37. Rxf7 c2 38. Qe7 Bh6 39. Rxg7+ Bxg7 40. Qe1 Qd1 41. Qe6 Qd2+ 42. Kh3 c1=Q 43. Qf5+ Kh8 44. Qc8+ Ng8 45. Qf5 Qh1# 0-1


[Site "https://www.chess.com"]

[Event "Titled Tuesday Blitz September 28 2021"]
[White "Lukovic, Vladimir"]
[Black "Roberson, Peter T"]
[WhiteFideId "942952"]
[BlackFideId "412384"]
[WhiteElo "2436"]
[BlackElo "2283"]
[Result "1-0"]
[Round "09"]
[TimeControl "180+1"]
[Date "2021.09.28"]
[WhiteClock "0:01:00"]
[BlackClock "0:00:16"]

1. e4 c5 2. Nf3 a6 3. b3 b5 4. a4 Bb7 5. axb5 axb5 6. Rxa8 Bxa8 7. Bxb5 Bxe4 8. Nc3 Bb7 9. O-O Nf6 10. Ne5 e6 11. d4 Qc7 12. Bf4 Qb6 13. Nc4 Qa7 14. dxc5 Bxc5 15. Nd6+ Ke7 16. Na4 Nd5 17. Nxc5 Qxc5 18. Nxb7 Qxb5 19. Bd6+ Ke8 20. c4 Qxb7 21. cxd5 f6 22. Qh5+ g6 23. Qf3 f5 24. Qc3 Rf8 25. Qg7 1-0


[Site "https://www.chess.com"]

[Event "Titled Tuesday Blitz September 28 2021"]
[White "Maksimenko, Viktor"]
[Black "Begmuratov, Khumoyun"]
[WhiteFideId "13710478"]
[BlackFideId "14210207"]
[WhiteElo "2269"]
[BlackElo "1948"]
[Result "0-1"]
[Round "09"]
[TimeControl "180+1"]
[Date "2021.09.28"]
[WhiteClock "0:00:21"]
[BlackClock "0:00:37"]

1. d4 Nf6 2. c4 g6 3. Nc3 Bg7 4. e4 d6 5. Be2 O-O 6. Be3 b6 7. Nf3 Bb7 8. d5 Nbd7 9. h3 e6 10. O-O Re8 11. Qc2 a5 12. Nd4 Nc5 13. Rad1 e5 14. Nf3 Nfd7 15. Nd2 Rf8 16. b3 f5 17. f3 f4 18. Bf2 g5 19. a3 Na6 20. Qb2 h5 21. b4 axb4 22. axb4 Rb8 23. Ra1 Ra8 24. Rfb1 Rf6 25. Ra3 Rg6 26. Nb5 Nf6 27. c5 g4 28. fxg4 hxg4 29. hxg4 Nxg4 30. Bxg4 Rxg4 31. c6 Bc8 32. Nc4 Qf6 33. Rf3 Qg6 34. Bxb6 Qxe4 35. Nxc7 Nxc7 36. Bxc7 Qxf3 37. b5 Bf5 38. Rf1 Qd3 39. Nxd6 f3 40. Rf2 e4 41. Qxg7+ Rxg7 42. Nxf5 Ra1+ 43. Kh2 Rxg2+ 44. Rxg2+ fxg2 45. Bb6 Rh1+ 46. Kxg2 Qf3# 0-1


[Site "https://www.chess.com"]

[Event "Titled Tuesday Blitz September 28 2021"]
[White "Manukian, Artak"]
[Black "Pandey Srishti"]
[WhiteFideId "13301373"]
[BlackFideId "35093290"]
[WhiteElo "2356"]
[BlackElo "1816"]
[Result "1-0"]
[Round "09"]
[TimeControl "180+1"]
[Date "2021.09.28"]
[WhiteClock "0:00:38"]
[BlackClock "0:00:24"]

1. e4 e5 2. Nf3 Nc6 3. d4 exd4 4. Nxd4 d6 5. Nxc6 bxc6 6. Bc4 Nf6 7. Nc3 Be7 8. O-O O-O 9. Re1 Rb8 10. Be3 Rxb2 11. Bb3 d5 12. Bc1 Rxb3 13. axb3 Bb4 14. Bd2 Bxc3 15. Bxc3 Nxe4 16. Be5 Re8 17. Bg3 a6 18. f3 Nxg3 19. hxg3 h6 20. Rxe8+ Qxe8 21. Qe1 Qe6 22. Qxe6 fxe6 23. f4 Kf7 24. b4 Ke7 25. Kf2 Kd6 26. Ra5 g5 27. Ke3 e5 28. c3 Bb7 29. Rc5 exf4+ 30. gxf4 gxf4+ 31. Kxf4 Bc8 32. Ra5 Ke6 33. Ra1 Kd6 34. Rh1 d4 35. Rxh6+ Kd5 36. cxd4 Kxd4 37. g4 Kc4 38. Rxc6+ Kxb4 39. Rxc7 Be6 40. g5 a5 41. Ke5 Bg8 42. Kd4 a4 43. Rb7+ Ka3 44. Kc3 Ka2 45. Kb4 Bb3 46. Ra7 Kb2 47. Rxa4 Bxa4 48. Kxa4 1-0


[Site "https://www.chess.com"]

[Event "Titled Tuesday Blitz September 28 2021"]
[White "Martin Carmona, Gaston Manuel"]
[Black "Maltsevskaya, Aleksandra"]
[WhiteFideId "22284567"]
[BlackFideId "24174041"]
[WhiteElo "2161"]
[BlackElo "2239"]
[Result "0-1"]
[Round "09"]
[TimeControl "180+1"]
[Date "2021.09.28"]
[WhiteClock "0:00:06"]
[BlackClock "0:00:17"]

1. e4 c5 2. Nf3 e6 3. d4 cxd4 4. Nxd4 Nf6 5. Nc3 Nc6 6. Ndb5 Bc5 7. Bf4 O-O 8. Bc7 Qe7 9. Bd6 Bxd6 10. Qxd6 Qd8 11. Qg3 Qb6 12. O-O-O a6 13. Nd6 Qc5 14. Bd3 b5 15. Kb1 Ne5 16. Nxc8 Raxc8 17. f4 Nxd3 18. Qxd3 b4 19. Ne2 d5 20. e5 Ne4 21. Nd4 Nf2 22. Qe3 Nxh1 23. Rxh1 a5 24. h4 a4 25. h5 b3 26. cxb3 axb3 27. axb3 h6 28. g4 Ra8 29. Rc1 Qa5 30. Rc3 Rfc8 31. Kc2 Rxc3+ 32. Qxc3 Qa6 33. Qd3 Rc8+ 34. Kd2 Qa1 35. b4 Qxb2+ 36. Nc2 d4 37. g5 Rc3 38. Qe4 Rc8 39. g6 fxg6 40. Qxg6 Qc3+ 41. Kd1 d3 42. Qxe6+ Kh8 43. Qxc8+ Qxc8 44. Nd4 Qc3 45. e6 0-1


[Site "https://www.chess.com"]

[Event "Titled Tuesday Blitz September 28 2021"]
[White "Martins, Igor Carvalho Ribeiro"]
[Black "Hjartarson, Johann"]
[WhiteFideId "2162962"]
[BlackFideId "2300044"]
[WhiteElo "2501"]
[BlackElo "2502"]
[Result "0-1"]
[Round "09"]
[TimeControl "180+1"]
[Date "2021.09.28"]
[WhiteClock "0:00:43"]
[BlackClock "0:01:15"]

1. Nf3 Nf6 2. c4 b6 3. g3 Bb7 4. Bg2 c5 5. O-O g6 6. Nc3 Bg7 7. d4 cxd4 8. Qxd4 d6 9. Rd1 Nbd7 10. b3 Rc8 11. Bb2 O-O 12. Qd2 a6 13. Rac1 Rc5 14. Ne1 Bxg2 15. Nxg2 b5 16. Ne3 bxc4 17. Nxc4 Qa8 18. Qe3 Re8 19. Na4 Rh5 20. Qf3 Qb8 21. Kg2 Rf5 22. Qc6 Qb5 23. Ne3 Rh5 24. Qxb5 axb5 25. Nc3 Ra8 26. Rc2 Nb6 27. Nxb5 Rxb5 0-1


[Site "https://www.chess.com"]

[Event "Titled Tuesday Blitz September 28 2021"]
[White "Mekhitarian, Krikor Sevag"]
[Black "Vlassov, Nikolai"]
[WhiteFideId "2107660"]
[BlackFideId "4103360"]
[WhiteElo "2598"]
[BlackElo "2407"]
[Result "0-1"]
[Round "09"]
[TimeControl "180+1"]
[Date "2021.09.28"]
[WhiteClock "0:00:06"]
[BlackClock "0:00:03"]

1. e4 Nc6 2. Nf3 d5 3. exd5 Qxd5 4. Nc3 Qa5 5. d4 Bg4 6. Bb5 O-O-O 7. Bxc6 bxc6 8. h3 Qh5 9. Qe2 Bxf3 10. gxf3 e6 11. Qa6+ Kd7 12. Qd3 Bb4 13. Bd2 Bxc3 14. bxc3 Ne7 15. c4 Rb8 16. Ke2 Rhd8 17. c3 Ke8 18. Qe4 Rb2 19. Rhb1 Rdb8 20. Rxb2 Rxb2 21. Rb1 Rxb1 22. Qxb1 g5 23. Qb8+ Kd7 24. Qxa7 Nf5 25. Qc5 Nh4 26. Be3 Qxf3+ 27. Kd2 Nf5 28. Qe5 h5 29. a4 Qxh3 30. a5 Qf1 31. Bxg5 Qxc4 32. Qf6 Qa2+ 33. Kd3 Kc8 34. Qd8+ Kb7 35. a6+ Qxa6+ 36. Kd2 Qa2+ 37. Kd1 Qxf2 38. Qf6 Qf3+ 39. Kc2 Ne3+ 40. Kd3 Qxf6 41. Bxf6 Nd5 42. Be5 c5 43. dxc5 Kc6 44. Kd4 f6 45. Bh2 e5+ 46. Ke4 Kxc5 47. Kf5 Nxc3 48. Kxf6 e4 49. Kg5 e3 50. Kxh5 e2 51. Bg3 Kd4 52. Kg4 Ke3 53. Kf5 c5 54. Ke5 c4 55. Be1 Ne4 0-1


[Site "https://www.chess.com"]

[Event "Titled Tuesday Blitz September 28 2021"]
[White "Milchev, Nikolay"]
[Black "Yakubbaeva, Nilufar"]
[WhiteFideId "2906090"]
[BlackFideId "14204487"]
[WhiteElo "2449"]
[BlackElo "1706"]
[Result "1-0"]
[Round "09"]
[TimeControl "180+1"]
[Date "2021.09.28"]
[WhiteClock "0:00:53"]
[BlackClock "0:00:04"]

1. Nf3 Nf6 2. c4 e6 3. g3 d5 4. Bg2 Be7 5. O-O O-O 6. d4 c6 7. Qc2 Nbd7 8. Nbd2 b6 9. e4 dxe4 10. Nxe4 Nxe4 11. Qxe4 Bb7 12. Rd1 Nf6 13. Qe2 Rc8 14. Bf4 Bd6 15. Bxd6 Qxd6 16. Ne5 Rfd8 17. Rac1 Qe7 18. c5 Nd5 19. a3 f6 20. Nc4 Ba6 21. b4 Bxc4 22. Qxc4 b5 23. Qe2 Qf7 24. Re1 Re8 25. Bh3 Nc7 26. Qe4 Qd7 27. Rc2 Qd5 28. Qf4 e5 29. dxe5 Rxe5 30. Rxe5 fxe5 31. Qe3 Rd8 32. Re2 Qd1+ 33. Kg2 Qd5+ 34. f3 Re8 35. Bf5 g6 36. Be4 Qd4 37. Bxc6 Qxe3 38. Rxe3 Re7 39. f4 Kf7 40. fxe5 Ke6 41. Kf3 Rf7+ 42. Ke4 Rf5 43. Kd4 Rf2 44. Bb7 Rd2+ 45. Ke4 Ne8 46. Bc8+ Ke7 47. Rd3 Re2+ 48. Kd5 Nc7+ 49. Kc6 Ne6 50. Rd7+ Ke8 51. Rd6 Nd8+ 52. Kxb5 Rxe5 53. a4 Re4 54. a5 Re2 55. Ka6 Rxh2 56. Kxa7 Rb2 57. b5 Rb4 58. b6 Rb5 59. a6 Rxc5 60. b7 Rb5 61. b8=Q Rxb8 62. Kxb8 1-0


[Site "https://www.chess.com"]

[Event "Titled Tuesday Blitz September 28 2021"]
[White "Mirzoev, Azer"]
[Black "Spitzl, Vinzent"]
[WhiteFideId "13400304"]
[BlackFideId "12901253"]
[WhiteElo "2525"]
[BlackElo "2160"]
[Result "1-0"]
[Round "09"]
[TimeControl "180+1"]
[Date "2021.09.28"]
[WhiteClock "0:02:01"]
[BlackClock "0:00:53"]

1. c4 c5 2. Nc3 Nc6 3. g3 g6 4. Bg2 Bg7 5. a3 e5 6. Rb1 a5 7. Nf3 Nge7 8. d3 O-O 9. Nd2 d6 10. O-O Be6 11. Nd5 Rb8 12. b3 Qd7 13. Bb2 Bh3 14. Nb6 Qe6 15. e4 Bxg2 16. Kxg2 f5 17. Bc3 Nc8 18. Nd5 b6 19. b4 axb4 20. axb4 cxb4 21. Nxb4 N8e7 22. Nd5 Nc8 23. Rb5 Bh6 24. f3 Bxd2 25. Qxd2 N6a7 26. Rb2 Nc6 27. Qe3 fxe4 28. dxe4 Ra8 29. Nc7 1-0


[Site "https://www.chess.com"]

[Event "Titled Tuesday Blitz September 28 2021"]
[White "Molina, Roberto Junio Brito"]
[Black "Sellitti, Federico"]
[WhiteFideId "2109450"]
[BlackFideId "821829"]
[WhiteElo "2402"]
[BlackElo "2576"]
[Result "0-1"]
[Round "09"]
[TimeControl "180+1"]
[Date "2021.09.28"]
[WhiteClock "0:00:10"]
[BlackClock "0:00:13"]

1. d4 d5 2. c4 e5 3. dxe5 d4 4. Nf3 Nc6 5. a3 Bg4 6. Nbd2 Qd7 7. b4 f6 8. exf6 gxf6 9. Bb2 O-O-O 10. h3 Bh5 11. g4 Bg6 12. Bg2 h5 13. Qa4 hxg4 14. hxg4 Rxh1+ 15. Bxh1 Qxg4 16. b5 Ne5 17. Qxa7 Qh3 18. Qa8+ Kd7 19. Nxe5+ fxe5 20. Qxb7 Ne7 21. O-O-O Bh6 22. Be4 Qe6 23. e3 dxe3 24. fxe3 Bxe3 25. Kb1 Ke8 26. Bxg6+ Qxg6+ 27. Ka2 Bxd2 28. Qxc7 Qc2 29. Rh1 Bc3 30. Rb1 Rd1 31. Qb8+ Kf7 32. Qh8 Qxb1+ 0-1


[Site "https://www.chess.com"]

[Event "Titled Tuesday Blitz September 28 2021"]
[White "Moroni, Luca Jr"]
[Black "Godzwon, Iwo"]
[WhiteFideId "865834"]
[BlackFideId "21802483"]
[WhiteElo "2491"]
[BlackElo "2201"]
[Result "1-0"]
[Round "09"]
[TimeControl "180+1"]
[Date "2021.09.28"]
[WhiteClock "0:00:18"]
[BlackClock "0:01:04"]

1. d4 Nf6 2. c4 g6 3. Nc3 d5 4. cxd5 Nxd5 5. e4 Nxc3 6. bxc3 Bg7 7. Bb5+ Nd7 8. Ne2 O-O 9. O-O c5 10. Be3 Qc7 11. Qd2 a6 12. Bd3 b5 13. Bh6 Bb7 14. e5 Nb6 15. h4 e6 16. h5 Rad8 17. Bxg7 Kxg7 18. Qg5 Nd5 19. Be4 Kg8 20. Bxd5 Rxd5 21. Nf4 Rd7 22. hxg6 hxg6 23. Nh5 cxd4 24. cxd4 Rxd4 25. Rac1 Qd8 26. Nf6+ Kg7 27. Nh5+ Kg8 28. Nf6+ Kg7 29. Qe3 Rh8 30. f3 Rd2 31. Rf2 Rxf2 32. Kxf2 Rh4 33. Kg3 Qd4 34. Qxd4 Rxd4 35. Rc7 Bd5 36. Rc8 g5 37. Rg8+ Kh6 38. Ng4+ Kh5 39. a3 a5 40. Rg7 b4 41. axb4 axb4 42. Rxf7 b3 43. Rf6 1-0


[Site "https://www.chess.com"]

[Event "Titled Tuesday Blitz September 28 2021"]
[White "Nakamura, Hikaru"]
[Black "Bortnyk, Olexandr"]
[WhiteFideId "2016192"]
[BlackFideId "14120828"]
[WhiteElo "3216"]
[BlackElo "2966"]
[Result "1/2-1/2"]
[Round "09"]
[TimeControl "180+1"]
[Date "2021.09.28"]
[WhiteClock "0:00:35"]
[BlackClock "0:00:13"]

1. e4 Nf6 2. Nc3 d5 3. e5 Nfd7 4. f4 c5 5. Nf3 Nc6 6. Bb5 e6 7. Bxc6 bxc6 8. d3 Be7 9. O-O O-O 10. b3 Ba6 11. Re1 Re8 12. Bd2 c4 13. d4 c5 14. Be3 cxd4 15. Bxd4 Nc5 16. Re3 Rb8 17. Nd2 Qa5 18. a3 cxb3 19. cxb3 Qc7 20. b4 Ne4 21. Rc1 Qb7 22. Ncxe4 dxe4 23. Rec3 Rbd8 24. Be3 Rd7 25. Qc2 Bd3 26. Qa4 Bb5 27. Qc2 Bd3 28. Qa4 Bb5 29. Qc2 Bd3 1/2-1/2


[Site "https://www.chess.com"]

[Event "Titled Tuesday Blitz September 28 2021"]
[White "Navalgund, Niranjan"]
[Black "Williams, Simon K"]
[WhiteFideId "5030854"]
[BlackFideId "404454"]
[WhiteElo "2290"]
[BlackElo "2468"]
[Result "1-0"]
[Round "09"]
[TimeControl "180+1"]
[Date "2021.09.28"]
[WhiteClock "0:02:03"]
[BlackClock "0:00:34"]

1. e4 e6 2. g3 d5 3. Bg2 Nf6 4. Nc3 d4 5. Nce2 d3 6. cxd3 Nc6 7. d4 Nxd4 8. Nxd4 Qxd4 9. d3 Bb4+ 10. Bd2 a5 11. Nf3 Qxd3 12. Qe2 Bxd2+ 13. Nxd2 Qxe2+ 14. Kxe2 b6 15. Rhc1 Ba6+ 16. Ke1 O-O-O 17. Rc3 Rd7 18. Rac1 e5 19. Bh3 c5 20. a3 Kb7 21. Bxd7 Nxd7 22. b4 axb4 23. axb4 f6 24. f3 h5 25. h4 Bb5 26. Rb1 Kc6 27. bxc5 Nxc5 28. Nb3 Rc8 29. Kf2 Ba4 30. Nxc5 bxc5 31. Rxc5+ 1-0


[Site "https://www.chess.com"]